 Dungeon Crawl Stone Soup version 0.22-a0-525-gf69a080 (webtiles) character file.

107 iamserjio the Ruffian (level 4, -4/25 HPs)
             Began as a Vine Stalker Wanderer on June 21, 2018.
             Slain by Edmund
             ... wielding a +4 flail of crushing
              (7 damage)
             ... on level 4 of the Dungeon.
             The game lasted 00:05:31 (551 turns).

iamserjio the Ruffian (Vine Stalker Wanderer)        Turns: 551, Time: 00:05:32

Health: -4/25      AC: 12    Str: 14 (16) XL:     4   Next: 85%
Magic:  0/5        EV:  8    Int:  9 (12) God:
Gold:   55         SH:  0    Dex: 16 (18) Spells: 3/3 levels left

rFire    . . .     SeeInvis .     - Unarmed
rCold    . . .     Gourm    .   (no shield)
rNeg     . . .     Faith    .   j - +0 plate armour
rPois    .         Spirit   +   g - +2 hat
rElec    .         Reflect  .   (no cloak)
rCorr    .         Harm     .   (no gloves)
MR       .....                  (no boots)
Stlth    ..........             (no amulet)
HPRegen  0.48/turn              (no ring)
MPRegen  0.09/turn              (no ring)

@: agile
A: fangs 2, regeneration 1, magic shield, antimagic bite, no potion heal 3, rot
immunity
a: no special abilities


You were on level 4 of the Dungeon.
You were not hungry.

You visited 1 branch of the dungeon, and saw 4 of its levels.

You collected 55 gold pieces.

Inventory:

Hand Weapons
 a - a +2 quarterstaff
 b - a +0 mace
 e - a +0 dagger
Missiles
 k - 19 poisoned needles
Armour
 d - a +0 robe
 g - a +2 hat (worn)
 j - a +0 plate armour (worn)
Scrolls
 i - a scroll of identify {@r1}
 m - a scroll of blinking
Potions
 h - a potion of degeneration
Comestibles
 f - a ration


   Skills:
 - Level 3.6 Fighting
 - Level 1.7 Staves
   Level 1.7 Crossbows
 - Level 2.4 Stealth
 * Level 4.3 Unarmed Combat


You had 3 spell levels left.
You didn't know any spells.
Your spell library was empty.

Dungeon Overview and Level Annotations

Branches:
Dungeon (4/15)
 Temple: D:4-7

Altars:

Annotations:
D:4 Edmund


Innate Abilities, Weirdness & Mutations

You have extremely sharp teeth.
Your natural rate of healing is unusually fast.
When hurt, damage is shared between your health and your magic reserves.
Your bite disrupts and absorbs the magic of your enemies.
Potions cannot restore your health.
You are immune to rotting.


Message History

Your plate armour prevents you from hitting Edmund.
You bite Edmund, but do no damage.
Edmund is heavily wounded.
Edmund says, "Everyone always remembers my brother. 'Who's Edmund?' they ask!"
Edmund hits you with a flail of crushing.
* * * LOW HITPOINT WARNING * * *
x2 You hit Edmund.
Edmund is severely wounded.
Edmund hits you but does no damage.
As you read the scroll labeled TIF WITOZIO, it crumbles to dust.
It is a scroll of identify.
m - a scroll of blinking You hit Edmund.
Your bite misses Edmund.
Edmund is severely wounded.
Edmund hits you with a flail of crushing.
* * * LOW HITPOINT WARNING * * *
x2 Your plate armour prevents you from hitting Edmund.
Edmund is severely wounded.
Edmund hits you with a flail of crushing!
You die...

##+# ##...## ##
##.....## .##
##.......## ##
..####........w####...##
.....+........l@@......#
..####.....$.!.####...##
.## ###.......## ..# ##
.........## # ####....#
##'#.# ###.#.# #...#.#
#.#.#.#


You could see Edmund, an iguana and a dart slug.

Vanquished Creatures
  An orc wizard (D:4)
  Terence (D:2)
  2 adders (D:2)
  2 leopard geckos
  3 orcs (D:4)
  3 giant cockroaches
  6 goblins
  3 hobgoblins
  2 kobolds
  A ball python (D:1)
  2 bats
  A frilled lizard (D:3)
  3 rats
30 creatures vanquished.

Notes
Turn   | Place    | Note
-------+----------+-------------------------------------------
     0 | D:1      | iamserjio the Vine Stalker Wanderer began the quest for the Orb.
     0 | D:1      | iamserjio set off with: a +2 quarterstaff, a +0 mace, a potion of lignification, a +0 robe, a +0 dagger, a ration
     0 | D:1      | Reached XP level 1. HP: 12/12 MP: 2/2
    19 | D:1      | Reached skill level 1 in Unarmed Combat
    51 | D:1      | Reached XP level 2. HP: 14/16 MP: 3/3
   131 | D:2      | Reached skill level 2 in Unarmed Combat
   159 | D:2      | Reached XP level 3. HP: 9/20 MP: 2/4
   220 | D:2      | Noticed Terence
   271 | D:2      | Reached skill level 3 in Unarmed Combat
   293 | D:2      | Killed Terence
   293 | D:2      | Gained mutation: Your natural rate of healing is unusually fast. [Vine Stalker growth]
   293 | D:2      | Reached XP level 4. HP: 9/25 MP: 3/5
   465 | D:4      | Reached skill level 4 in Unarmed Combat
   487 | D:4      | Noticed Edmund
   551 | D:4      | Slain by Edmund

Vault maps used:
D:1:      dpeg_arrival_radiant, minmay_hexomino_r4
D:2:      first_ration, uniq_terence
D:4:      minmay_temple_entry_junction, uniq_blork_the_orc, uniq_edmund

Skill      XL: |  1  2  3  4 |
---------------+-------------+-----
Unarmed Combat | 1 2 3 4 |  4.3
Fighting       | |  3.6
Staves         | |  1.7
Crossbows      | |  1.7
Stealth        | |  2.4

Action                   |  1- 3 |  4- 6 || total
-------------------------+-------+-------++-------
Melee: Quarterstaff      |    51 |       ||    51
       Bite              |     8 |    15 ||    23
       Unarmed           |    12 |    72 ||    84
       Mace              |     1 |       ||     1
  Use: Potion            |     1 |     3 ||     4
       Scroll            |       |     1 ||     1
 Stab: Sleeping          |     3 |       ||     3
Armor: Robe              |    12 |       ||    12
       Skin              |    12 |       ||    12
       Plate armour      |     2 |    29 ||    31
Dodge: Dodged            |    39 |    13 ||    52

Table legend:
 A = Spawn XP
 B = Non-spawn XP
 C = Spawn XP percentage of total XP
 D = Spawn monster count
 E = Non-spawn monster count
 F = Spawn count percentage of total count
 G = Total turns spent on level
                    A         B        C        D         E        F      G
               +---------+---------+-------+---------+---------+-------+---------
         Total |       0 |     153 |   0.0 |       0 |      30 |   0.0 |   551
               +---------+---------+-------+---------+---------+-------+---------
           D:1 |       0 |      18 |   0.0 |       0 |      11 |   0.0 |   137
           D:2 |       0 |      81 |   0.0 |       0 |      12 |   0.0 |   170
           D:3 |       0 |       3 |   0.0 |       0 |       3 |   0.0 |    93
           D:4 |       0 |      51 |   0.0 |       0 |       4 |   0.0 |   151
               +---------+---------+-------+---------+---------+-------+---------
